[Event "Velammal AICF Women GM 2024"]
[Site "Chennai"]
[Date "2024.03.22"]
[Round "7.2"]
[White "Maisuradze, Nino"]
[Black "Chitlange Sakshi"]
[Result "1-0"]
[ECO "D36"]
[WhiteElo "2254"]
[BlackElo "2175"]
[Annotator "TA"]
[PlyCount "111"]
[EventDate "2024.03.18"]
[EventType "tourn"]
[EventCountry "IND"]
[SourceTitle "playchess.com"]
[Source "ChessBase"]
[SourceQuality "1"]
[TimeControl "5400+30"]

1. d4 Nf6 2. c4 e6 3. Nf3 d5 4. Qc2 Be7 5. cxd5 exd5 6. Bg5 c6 7. Nc3 g6 8. e3 Bf5 9. Bd3 Bxd3 10. Qxd3 Nbd7 11. O-O O-O 12. Rab1 a5 13. a3 Re8 14. Nd2 Nh5 15. Bxe7 Qxe7 16. b4 {[%emt 0:03:38] The position is equal.} axb4 17. axb4 Nhf6 18. b5 Qd6 19. h3 Ra3 20. Rfc1 Rea8 21. Nb3 Ne8 22. Qc2 Nc7 23. bxc6 bxc6 24. Ne2 R3a6 25. Nc5 Nxc5 26. Qxc5 Qxc5 27. Rxc5 Ra1 28. Rxa1 Rxa1+ $14 {[%emt 0:00:01][%mdl 4096] Endgame. KRN-KRN} 29. Nc1 Ra6 30. Nd3 Ne6 31. Rc1 Nd8 $1 32. g4 f6 33. h4 Kf7 34. g5 fxg5 35. hxg5 Ke7 36. Ne5 Kd6 37. Kg2 Ne6 38. f4 Nf8 (38... Ra2+ $11 39. Kg3 c5) 39. Kf3 Ne6 40. Rc2 Nf8 41. Kg4 Ne6 $1 42. Kf3 Nf8 $1 43. Rb2 Kc7 {[%emt 0:01:11] Prevents Rb7+.} (43... Ra7 $14) 44. Kg4 {[%emt 0:07:24] White has more active pieces.} Ra3 45. Rc2 Ra6 (45... Rxe3 $16 {keeps fighting.} 46. Rxc6+ (46. Nxc6 Ne6 $11) 46... Kd8) 46. f5 $18 gxf5+ 47. Kxf5 Kd6 48. Kf6 Nd7+ $2 {[%emt 0:02:50] [#]} (48... Rb6 49. Rc3 Ra6) 49. Nxd7 Kxd7 {[%emt 0:00:04] KR-KR} 50. Rh2 Kd6 51. Rxh7 {[%emt 0:00:14] White mates.} c5 52. g6 cxd4 53. g7 Ra1 54. Rh5 ({Worse is} 54. g8=R Rf1+ 55. Kg7 Rg1+ 56. Kf7 (56. Kh8 Rxg8+ 57. Kxg8 dxe3 $11) 56... Rxg8 57. Rh6+ Kc5 58. exd4+ (58. Kxg8 dxe3 59. Re6 d4 $11) 58... Kxd4 59. Kxg8 Ke3 $11) 54... Ra8 55. exd4 Kc6 56. Rh8 {[%emt 0:00:13] Weighted Error Value: White=0.18 (very precise) /Black=0.27 (precise) .  Mistake:       	---       	Black=4      Inaccurate:     	White=3     	Black=3      OK:         	White=9     	Black=9      Best:        	White=1     	Black=1      Strong:       	---       	Black=3} 1-0

[Event "Velammal AICF Women GM 2024"]
[Site "Chennai"]
[Date "2024.03.22"]
[Round "7.3"]
[White "Gomes, Mary Ann"]
[Black "Mahalakshmi, M."]
[Result "1-0"]
[ECO "D02"]
[WhiteElo "2322"]
[BlackElo "2242"]
[Annotator "TA"]
[PlyCount "101"]
[EventDate "2024.03.18"]
[EventType "tourn"]
[EventCountry "IND"]
[SourceTitle "playchess.com"]
[Source "ChessBase"]
[SourceQuality "1"]
[TimeControl "5400+30"]

1. Nf3 Nf6 2. b3 d5 3. g3 e6 4. Bg2 Be7 5. Bb2 c5 6. O-O O-O 7. e3 Nc6 8. d4 b6 9. Nbd2 Ba6 10. Re1 Rc8 {[%emt 0:00:38] The position is equal.} 11. Ne5 Qc7 12. c4 Bb7 13. cxd5 exd5 14. f4 Rfe8 15. Rc1 Qb8 16. a3 Rcd8 17. Qc2 Qa8 {[%emt 0:03:41] [#]} (17... a5 $11) 18. b4 Nxe5 19. fxe5 Nd7 20. bxc5 bxc5 21. Rf1 Bg5 22. Rce1 cxd4 23. exd4 Qc8 24. Qd1 Nf8 25. h4 Bxd2 26. Qxd2 Ne6 27. Rc1 Qd7 28. Qa5 {[%emt 0:04:05][%cal Oc1c2] Black is weak on the dark squares} Bc6 29. Rf2 Bb5 {[%emt 0:01:15] Dodges Rcf1} 30. a4 Bc4 (30... Bd3 $11) 31. Bf1 (31. Rxc4 $14 dxc4 32. d5) 31... Rc8 32. Bxc4 Rxc4 ({Better is} 32... dxc4 $11 33. d5 Nc5 34. Rxc4 (34. e6 fxe6 35. Rxc4 Nb7 $15) 34... Nd3 (34... Qxd5 $2 35. Qc3 $18) 35. Rxc8 Qxc8) 33. Rxc4 $14 dxc4 34. d5 Nf8 35. Kh2 $36 {[%emt 0:01:18][%mdl 2048] White is really pushing.} Rb8 36. Bd4 Rb1 {[%emt 0:04:38] [#] White now steadily converts the win.} (36... a6 $14) 37. Qc5 $1 $18 (37. Qxa7 $2 Qxd5 38. Rg2 h6 $19) (37. Bxa7 $6 h5 $11 (37... Rd1 $2 38. e6 $18)) 37... Ng6 $2 (37... Rb8 38. Qxc4 (38. Qxa7 Qxa7 39. Bxa7 Rd8 $16) 38... h5) 38. Qxc4 (38. e6 $142 fxe6 39. h5 (39. Qxa7 Qxa7 40. Bxa7 exd5 $17) (39. Qxc4 exd5 40. Qc5 Rb7 $11)) 38... h6 $2 (38... Qb7 39. Qd3 Rb3) 39. e6 fxe6 40. dxe6 Qb7 41. Rg2 {[%emt 0:00:09] Threatening mate with e7+. Active counter play!} ({Not} 41. e7+ Kh7 42. Rg2 (42. e8=Q $2 Qh1#) (42. Rf1 Rxf1 43. Qxf1 Qxe7 $11) 42... Nxe7 $14) 41... Ne7 42. Bc5 {[%emt 0:03:59] Hoping for Bxe7.} Qc7 43. Qe4 Qb7 (43... Rb3 $142) 44. Qf4 {[%emt 0:01:45] Qf7+ is the strong threat.} Ng6 45. Qf5 Rc1 (45... Rb2 $142 46. Qf7+ Kh7 47. Qxb7 Rxb7) 46. Ba3 (46. h5 $142 Qc7 47. Ba3 (47. Qf7+ Qxf7 48. exf7+ Kxf7 $18)) 46... Ra1 47. Bb2 Ra2 48. Qb1 $2 (48. e7 $18 {and White stays clearly on top.} Qxg2+ 49. Kxg2 Rxb2+ 50. Kh3 Nxe7 51. Qe4) 48... Nxh4 $2 49. gxh4 {[%emt 0:00:22] White mates.} Qb8+ 50. Kh1 Rxa4 51. Rxg7+ {[%emt 0:00:10] Weighted Error Value: White=0.53/Black=0.52.  Mistake:       	White=4     	Black=8      Inaccurate:     	White=4     	Black=2      OK:         	White=15    	Black=10     Best:        	White=1     	Black=1      Strong:       	White=1     	---} 1-0

[Event "Velammal AICF Women GM 2024"]
[Site "Chennai"]
[Date "2024.03.22"]
[Round "7.4"]
[White "Franco Valencia, Angela"]
[Black "Velpula Sarayu"]
[Result "0-1"]
[ECO "B91"]
[WhiteElo "2095"]
[BlackElo "2389"]
[Annotator "TA"]
[PlyCount "66"]
[EventDate "2024.03.18"]
[EventType "tourn"]
[EventCountry "IND"]
[SourceTitle "playchess.com"]
[Source "ChessBase"]
[SourceQuality "1"]
[TimeControl "5400+30"]

1. e4 c5 2. Nf3 d6 3. d4 cxd4 4. Nxd4 Nf6 5. Nc3 a6 6. g3 e5 7. Nde2 Be7 8. Bg2 b5 9. a4 b4 10. Nd5 a5 11. O-O {[%emt 0:00:18] The position is equal.} Nbd7 12. c4 Nxd5 13. Qxd5 Ba6 14. Be3 O-O 15. Qc6 (15. b3 $11) 15... Nf6 $15 16. b3 (16. Bg5 $15) 16... Qb8 $1 $17 {[%emt 0:02:53] And now ...Bb7 would win.} 17. Qb6 (17. f3 $17) 17... Bb7 $19 18. Bg5 (18. Bc1 $142) 18... Nd7 $1 (18... Bxe4 $2 {is the wrong capture.} 19. Qxb8 Rfxb8 20. Bxe4 Nxe4 21. Bxe7 $18) 19. Qb5 {[%emt 0:00:20] [#]} Qc8 20. Bxe7 $17 Bc6 21. Nd4 Bxb5 22. Nxb5 Nc5 {[%emt 0:03:22][%cal Oc5b3] aiming for ...Nxb3!} 23. Nxd6 $2 {[%emt 0:03:49][%mdl 8192] Now White is beyond hope.} (23. Rab1 $17) 23... Qe6 24. Bxf8 Rxf8 25. Rad1 Nxb3 26. Rd5 Rd8 27. Nb7 Rb8 28. Rb1 g6 29. Nd8 (29. Rxb3 {keeps fighting.} Rxb7 30. Bf1) 29... Qe8 $19 30. Nxf7 (30. Rxb3 $142 Rxd8 31. Rxa5 Rd1+ 32. Bf1) 30... Kxf7 {[%emt 0:00:07] Black is clearly winning.} (30... Qxa4 $2 31. Nxe5 Qa2 32. Re1 $19) 31. Rxb3 Qxa4 32. Rf3+ Kg7 {[%emt 0:00:38] Threatens to win with ...b3.} 33. Rc5 Qd1+ {[%emt 0:00:16] Weighted Error Value: White=0.89/Black=0.19 (very precise) .  Loses game:     	White=1     	---        Mistake:       	White=6     	Black=1      Inaccurate:     	White=1     	Black=1      OK:         	White=10    	Black=9      Best:        	---       	Black=2      Strong:       	---       	Black=2} 0-1

[Event "Velammal AICF Women GM 2024"]
[Site "Chennai"]
[Date "2024.03.22"]
[Round "7.5"]
[White "Monnisha G K"]
[Black "Rindhiya V"]
[Result "1-0"]
[ECO "C90"]
[WhiteElo "2202"]
[BlackElo "1953"]
[Annotator "RC"]
[PlyCount "113"]
[EventDate "2024.03.18"]
[EventType "tourn"]
[EventCountry "IND"]
[SourceTitle "playchess.com"]
[Source "ChessBase"]
[SourceQuality "1"]
[TimeControl "5400+30"]

1. e4 e5 2. Nf3 Nc6 3. Bb5 a6 4. Ba4 Nf6 5. d3 b5 6. Bb3 Be7 7. O-O d6 8. c3 O-O 9. Re1 Na5 10. Bc2 c5 11. Nbd2 Nc6 12. Nf1 Re8 13. Ng3 Bf8 14. h3 g6 15. d4 cxd4 16. cxd4 exd4 17. Nxd4 Bb7 18. a4 b4 19. Bg5 h6 20. Bf4 Kh7 21. Bb3 Qd7 22. Nxc6 Bxc6 23. Qd4 Ng8 24. Qxb4 d5 25. Qd4 dxe4 26. Qxd7 Bxd7 27. Bxf7 Re7 28. Bd5 Rae8 29. Bd6 Rg7 30. Bxf8 Rxf8 31. Nxe4 Bf5 32. Nc5 a5 33. Ne6 Bxe6 34. Rxe6 Rc7 35. b3 Rc2 36. Rxg6 Ne7 37. Be4 Nxg6 38. Bxc2 Kg7 39. Bxg6 Kxg6 40. Rc1 Rb8 41. Rc5 Rxb3 42. Rxa5 Rb1+ 43. Kh2 Rb2 44. Kg3 Ra2 45. Kf3 Ra3+ 46. Kg4 Ra2 47. Ra6+ Kg7 48. Kg3 Ra3+ 49. f3 Ra2 50. a5 Kh7 51. h4 Kg7 52. Kh3 Ra3 53. h5 Kh7 54. Ra7+ Kh8 55. a6 Kg8 56. Kg4 Ra5 57. f4 1-0

[Event "Velammal AICF Women GM 2024"]
[Site "Chennai"]
[Date "2024.03.22"]
[Round "7.6"]
[White "Enkhtuul, Altan-Ulzii"]
[Black "Uuriintuya, Uurtsaikh"]
[Result "1-0"]
[ECO "E69"]
[WhiteElo "2195"]
[BlackElo "2288"]
[Annotator "TA"]
[PlyCount "91"]
[EventDate "2024.03.18"]
[EventType "tourn"]
[EventCountry "IND"]
[SourceTitle "playchess.com"]
[Source "ChessBase"]
[SourceQuality "1"]
[TimeControl "5400+30"]

1. d4 Nf6 2. c4 g6 3. Nc3 Bg7 4. Nf3 O-O 5. g3 d6 6. Bg2 Nbd7 7. O-O e5 8. e4 c6 9. h3 Qa5 10. Rb1 exd4 ({Black should try} 10... Qb4 $11) 11. Nxd4 $14 Ne5 12. b4 Qa6 {[%emt 0:08:41] White has an edge.} 13. b5 Qa5 14. Bd2 c5 15. Nb3 Qb4 16. Nd5 $36 {[%emt 0:03:34][%mdl 2048] White fights for an advantage.} Qa4 {[%emt 0:11:08] White now steadily converts the win.} (16... Qxc4 $14 17. Na5 Qd3) 17. Na5 $16 Qxd1 18. Ne7+ ({Inferior is} 18. Rbxd1 Nxd5 19. cxd5 b6 $15) 18... Kh8 19. Rfxd1 {[%emt 0:00:03] [#] Threatens to win with Nxc8.} b6 (19... Be6 $16) 20. f4 $1 $18 bxa5 21. fxe5 dxe5 {[%emt 0:00:06] [#]} 22. Nxc8 Raxc8 23. Bxa5 h5 24. a4 Ra8 25. Rd6 Nh7 26. Rbd1 Ng5 (26... Rfe8 $142 27. h4 Reb8) 27. Ra6 Ne6 28. Rd7 Nd4 29. Raxa7 Rxa7 30. Rxa7 Bh6 31. Bc7 Be3+ 32. Kh2 f6 33. Bd6 Re8 34. b6 {[%emt 0:02:52][%cal Ob6b7] b7! is the strong threat.} Nc6 35. Rc7 Na5 36. Bxc5 Bd2 37. b7 Nxb7 38. Rxb7 h4 39. Bd6 hxg3+ 40. Kxg3 Re6 41. c5 f5 42. Re7 Bf4+ 43. Kf2 Rf6 44. Bxe5 Bxe5 45. Rxe5 {[%emt 0:00:03] Intending exf5 and mate.} fxe4+ 46. Ke3 {[%emt 0:00:13] Weighted Error Value: White=0.05 (flawless) /Black=0.73.  Mistake:       	---       	Black=3      Inaccurate:     	White=2     	Black=1      OK:         	White=13    	Black=6      Best:        	White=2     	Black=1      Strong:       	White=1     	---} 1-0

[Event "Velammal AICF Women GM 2024"]
[Site "Chennai"]
[Date "2024.03.23"]
[Round "8.1"]
[White "Bommini Mounika Akshaya"]
[Black "Uuriintuya, Uurtsaikh"]
[Result "1-0"]
[ECO "E94"]
[WhiteElo "2134"]
[BlackElo "2288"]
[Annotator "RC"]
[PlyCount "89"]
[EventDate "2024.03.18"]
[EventType "tourn"]
[EventCountry "IND"]
[SourceTitle "playchess.com"]
[Source "ChessBase"]
[SourceQuality "1"]
[TimeControl "5400+30"]

1. d4 Nf6 2. c4 g6 3. Nc3 Bg7 4. e4 d6 5. Be2 O-O 6. Nf3 Na6 7. Be3 e5 8. O-O Ng4 9. Bg5 Qe8 10. Rc1 h6 11. Bh4 exd4 12. Nxd4 Nxh2 13. Re1 Ng4 14. Bxg4 Bxg4 15. Qxg4 Bxd4 16. e5 dxe5 17. Nd5 Qe6 18. Nf6+ Kh8 19. Qf3 Bxb2 20. Rb1 Bd4 21. Rxb7 Rab8 22. Rxb8 Rxb8 23. Ng4 f5 24. Nxe5 Bxe5 25. Bg3 Nc5 26. Rxe5 Qxc4 27. Qe3 f4 28. Bxf4 Nd3 29. Re4 Qd5 30. Bg3 Kg8 31. Rd4 Rb1+ 32. Kh2 Qh5+ 33. Rh4 Qd1 34. Qe8+ Kg7 35. Qe7+ Kg8 36. Qd8+ Kg7 37. Qxc7+ Kg8 38. Qd8+ Kf7 39. Qd7+ Kf6 40. Qd4+ Kf5 41. Qd5+ Kf6 42. Be5+ Ke7 43. Qd6+ Kf7 44. Qd7+ Kf8 45. Bd6+ 1-0

[Event "Velammal AICF Women GM 2024"]
[Site "Chennai"]
[Date "2024.03.23"]
[Round "8.3"]
[White "Velpula Sarayu"]
[Black "Monnisha G K"]
[Result "1-0"]
[ECO "C78"]
[WhiteElo "2389"]
[BlackElo "2202"]
[Annotator "TA"]
[PlyCount "63"]
[EventDate "2024.03.18"]
[EventType "tourn"]
[EventCountry "IND"]
[SourceTitle "playchess.com"]
[Source "ChessBase"]
[SourceQuality "1"]
[TimeControl "5400+30"]

1. e4 e5 2. Nf3 Nc6 3. Bb5 a6 4. Ba4 Nf6 5. O-O b5 6. Bb3 Bb7 7. Re1 Bc5 8. c3 d6 9. d4 Bb6 10. a4 h6 11. Be3 O-O 12. d5 {[%emt 0:00:50] aiming for Bxb6.} Ne7 13. Bxb6 {[%emt 0:01:20] White is better.} cxb6 14. axb5 axb5 15. Na3 Qd7 16. Bc2 Ng6 17. g3 Qg4 ({Black should play} 17... Ne8 $1 $14) 18. Nd2 $1 $18 {[%emt 0:25:06] And now Qxg4 would win.} (18. Nxb5 Rxa1 19. Qxa1 Qxf3 $17) 18... Qh3 (18... Qg5 $16 {was necessary.} 19. Bd3 (19. Nxb5 $2 Rxa1 20. Qxa1 Qxd2 $19) 19... Bc8) 19. Qf3 (19. Nxb5 Rxa1 (19... Nh4 20. gxh4 Rxa1 21. Qxa1 $16) 20. Qxa1 Nf4 21. gxf4 Ng4 $17) 19... Ba6 20. Bd3 b4 21. Bxa6 (21. cxb4 Bxd3 (21... Nh4 22. gxh4 Qxf3 23. Nxf3 $17) 22. Qxd3 Ng4 $15) 21... Rxa6 22. cxb4 Ra4 (22... Qd7 $16 23. Nac4 Rfa8) 23. b3 Rxb4 24. Nc2 {[%emt 0:12:25] Prevents Rd4} Rb5 {[%emt 0:00:52] [#]} 25. b4 $1 Rc8 {[%emt 0:01:29] [#]} 26. Ra2 Rc3 $2 (26... Ng4 27. Qg2 Qxg2+ 28. Kxg2 f5) 27. Qxc3 Nh4 28. Ne3 {[%emt 0:01:58] Prevents Qg2+} Nxe4 $2 (28... Rc5 29. Qxc5 (29. bxc5 Ng4 30. Ndf1 Nf3+ 31. Kh1 Ngxh2 32. Ra8+ Kh7) 29... bxc5 30. gxh4 cxb4) 29. Qd3 {[%emt 0:02:51] White is clearly winning.} f5 30. gxh4 ({Weaker is} 30. Qxb5 Nxd2 31. f3 (31. Kh1 {gets mated.} Ndf3 32. Qe8+ Kh7) 31... Nhxf3+ (31... Ndxf3+ $2 {too greedy.} 32. Kh1 $18) 32. Kf2 Qxh2+ 33. Ng2 Nxe1 34. Kxe1 Ne4 $11) 30... Rxb4 31. Nxe4 Rxe4 32. Qf1 {[%emt 0:00:17] Weighted Error Value: White=0.07 (flawless) /Black=0.35.  Mistake:       	---       	Black=5      Inaccurate:     	White=1     	Black=1      OK:         	White=10    	Black=6      Best:        	White=3     	Black=1} 1-0

[Event "Velammal AICF Women GM 2024"]
[Site "Chennai"]
[Date "2024.03.23"]
[Round "8.4"]
[White "Mahalakshmi, M."]
[Black "Franco Valencia, Angela"]
[Result "0-1"]
[ECO "A47"]
[WhiteElo "2242"]
[BlackElo "2095"]
[Annotator "TA"]
[PlyCount "117"]
[EventDate "2024.03.18"]
[EventType "tourn"]
[EventCountry "IND"]
[SourceTitle "playchess.com"]
[Source "ChessBase"]
[SourceQuality "1"]
[TimeControl "5400+30"]

1. d4 Nf6 2. Nf3 e6 3. Bf4 c5 4. c3 b6 5. e3 Bb7 6. Nbd2 Be7 7. h3 d6 8. Bd3 cxd4 9. exd4 Nbd7 {[%emt 0:00:45] White is slightly better.} 10. O-O O-O 11. Qc2 h6 12. Rad1 Qc7 13. Rfe1 Rfe8 14. Qb3 Bf8 15. Bh2 a6 16. Ne4 Nxe4 17. Bxe4 Bxe4 18. Rxe4 Nf6 19. Ree1 b5 20. Nd2 Qc6 21. Qc2 a5 22. Ne4 Nxe4 23. Rxe4 b4 24. Re3 Rec8 25. Bf4 Qd5 26. Qe2 (26. b3 $15) 26... g6 27. a3 (27. Ra1 $15) 27... bxc3 28. bxc3 (28. Rxc3 $142 Rxc3 29. bxc3) 28... Rab8 29. Rf3 Bg7 30. a4 Rb6 31. Qd2 Kh7 32. h4 h5 33. Bg5 Rb7 34. Bf6 (34. Qc2 $17) 34... Bh6 ({Black should try} 34... Bxf6 $19 35. Rxf6 Qb3) 35. Qc2 $17 Bg7 (35... Kg8 $17 {Hoping for ...Qb3.} 36. Rb1 Bg7) 36. Rb1 $2 {[%emt 0:03:47] Prevents Qb3} (36. Qd2 $1 $11) 36... Bxf6 $19 37. Rxf6 Kg7 38. Rf3 Rc4 39. Rd1 Rbc7 40. Qd2 Rxa4 41. Qf4 Ra2 {[%emt 0:04:45] Active counter play!} (41... Kh7 $17 {And now ...Rac4 would win.} 42. Qf6 Rac4) 42. Qf6+ Kh7 43. Rb1 {[%emt 0:00:20] Prevents Qb3} Qa8 {[%emt 0:01:15] Against Rb8} 44. Rb6 Rd7 45. c4 Qh8 46. Qf4 (46. Qxh8+ Kxh8 47. c5 Ra1+ 48. Kh2 dxc5 49. dxc5 Kg7 $14) 46... e5 47. Qe4 {[%emt 0:00:01] Rb7 is the strong threat.} Ra1+ (47... exd4 48. Rb5 Qf8 49. Rxh5+ Kg8 50. Qd5 gxh5 (50... Ra1+ $2 51. Kh2 $18) 51. Rg3+ $16 (51. Qxd4 $2 Re7 $19) (51. Qxd4 $2 Re7 $19)) 48. Kh2 {[%emt 0:00:01][%cal Ob6d6] Strongly threatening Rxd6!} Qd8 (48... exd4 $2 49. Rb5 Qf8 50. Rxh5+ Kg8 51. Qxd4 gxh5 52. Rg3+ (52. Qxa1 Re7 $18) 52... Kh7 53. Rg5 $18 (53. Qxa1 Re7 $18)) (48... Qe8 $1 $17) 49. Rbb3 $2 (49. Rxd6 $1 $11 Rxd6 50. Rxf7+ Kg8 51. Ra7) 49... a4 (49... f5 $19 {has better winning chances.} 50. Qc6 Qxh4+ 51. Rh3 Qe7 (51... Qxd4 52. Qxd7+ Kh6 53. Qe7 $18)) 50. Rbc3 $2 {[%emt 0:00:33][%mdl 8192] [#]} (50. Rbd3 $17 {was the crucial defense.}) 50... a3 $2 51. Rxa3 (51. dxe5 $17 {was forced.} dxe5 52. Qxe5 (52. Rxa3 $2 Rxa3 53. Rxa3 Rd4 $17)) 51... f5 52. Qc6 {[%emt 0:00:37] [#]} Rxa3 (52... Qxh4+ 53. Rh3 Qf4+ 54. Rhg3 Qh4+ 55. Rh3 Qf4+ 56. Rhg3 Qh4+ 57. Rh3 $11) 53. Rxa3 {[%emt 0:00:01][%mdl 4096] Endgame. KQR-KQR} Rc7 (53... exd4 54. Kh3 $11) (53... Qxh4+ 54. Kg1 Qe7 55. g3 $11) 54. Qb6 Qxh4+ 55. Kg1 $2 (55. Rh3 {is the only way for White.} Qf4+ (55... Qxd4 $2 56. Qxc7+ Kh6 57. Qd8 $18) 56. Rg3) 55... Rxc4 (55... Qxd4 56. Qxc7+ Kh6 57. Qe7 Qxc4 58. Qf8+ (58. Qxd6 h4 $18) 58... Kg5 59. Rg3+ (59. Qxd6 Qf7 $18) 59... Kf4 60. Qxd6 (60. Qh6+ Ke4 $18)) 56. Qb7+ Kh6 {[%emt 0:00:05] Black is clearly winning.} 57. Ra1 {[%emt 0:00:26] Prevents Rc1+} Qxd4 58. Rf1 e4 59. Qe7 {[%emt 0:00:29] Weighted Error Value: White=0.40/Black=0.27 (precise) .  Loses game:     	White=3     	---        Missed win:     	---       	Black=1      Mistake:       	White=6     	Black=5      Inaccurate:     	White=3     	Black=1      OK:         	White=14    	Black=20     Best:        	White=1     	Black=6} 0-1

[Event "Velammal AICF Women GM 2024"]
[Site "Chennai"]
[Date "2024.03.23"]
[Round "8.5"]
[White "Chitlange Sakshi"]
[Black "Gomes, Mary Ann"]
[Result "1/2-1/2"]
[ECO "A58"]
[WhiteElo "2175"]
[BlackElo "2322"]
[Annotator "TA"]
[PlyCount "82"]
[EventDate "2024.03.18"]
[EventType "tourn"]
[EventCountry "IND"]
[SourceTitle "playchess.com"]
[Source "ChessBase"]
[SourceQuality "1"]
[TimeControl "5400+30"]

1. d4 Nf6 2. c4 c5 3. d5 b5 4. cxb5 a6 5. bxa6 g6 6. Nc3 Bg7 7. a7 Rxa7 8. e4 {[%emt 0:00:31] Weiß steht etwas besser.} e6 9. Nf3 exd5 10. exd5 O-O 11. Be2 d6 12. O-O Re8 13. h3 Qb6 {[%emt 0:04:55] [#]} (13... Na6 $11) 14. Nd2 $1 $16 Ba6 15. Nc4 Bxc4 16. Bxc4 Ne4 17. Nb5 Rae7 18. Qc2 Na6 19. Rb1 Nb4 20. Qb3 Rb8 21. a3 Na6 22. Qc2 f5 23. Re1 {[%emt 0:07:35] f3 ist eine echte Drohung.} Be5 $2 {[%emt 0:04:15] [#]} (23... Nc7 $16 {war nötig.} 24. a4 Nxb5 25. Bxb5 Qd8) 24. Bd2 $2 {[%emt 0:06:58] Ein starkes Läuferpaar.} (24. f3 $1 $18 ) 24... Nc7 25. Nc3 Nxd2 26. Qxd2 Rbe8 27. Rec1 Kg7 28. b4 cxb4 29. axb4 Ra8 ({Günstiger ist} 29... Qd4 $14 30. Qxd4 Bxd4) 30. Ne2 Ra4 31. Rb3 (31. b5 $16) 31... Ne8 $1 $14 32. Kf1 Nf6 33. Qe3 {[%emt 0:00:43] Lässt Ne4 nicht zu} Qb7 {[%emt 0:02:17][%cal Oe5b2] Und ...Bb2! würde nun gewinnen. Die Stellung ist ausgeglichen.} 34. Nf4 Bxf4 (34... Bb2 $5 35. Ne6+ $8 Rxe6 36. dxe6 Bxc1 37. Qxc1 Rxb4 $11) 35. Qxf4 Rxb4 36. Qxd6 $1 Rxb3 37. Bxb3 Ne4 38. Qa3 Nd2+ 39. Kg1 Nxb3 ({Lieber nicht} 39... Qxb3 40. Qxe7+ Kh6 41. Qh4+ Kg7 42. Rc7+ Kh8 43. Qxh7#) 40. Rb1 Rd7 41. Qxb3 Kf7 $2 {[%emt 0:02:51][%mdl 40960] Gewichteter Fehlerwert: Weiß=0.25 (präzise) /Schwarz=0.19 (sehr präzise) .  Verlustzug:     	---       	Schwarz=2     Gewinn verpasst:   	Weiß=1     	---        Fehler:       	Weiß=1     	Schwarz=2     Ungenau:       	Weiß=4     	Schwarz=2     OK:         	Weiß=9     	Schwarz=18    Bester:       	---       	Schwarz=1     Stark:        	Weiß=2     	Schwarz=1    . Ein unerwartetes Ergebnis.} 1/2-1/2

[Event "Velammal AICF Women GM 2024"]
[Site "Chennai"]
[Date "2024.03.23"]
[Round "8.6"]
[White "Sedina, Elena"]
[Black "Maisuradze, Nino"]
[Result "1/2-1/2"]
[ECO "B22"]
[WhiteElo "2161"]
[BlackElo "2254"]
[Annotator "TA"]
[PlyCount "28"]
[EventDate "2024.03.18"]
[EventType "tourn"]
[EventCountry "IND"]
[SourceTitle "playchess.com"]
[Source "ChessBase"]
[SourceQuality "1"]
[TimeControl "5400+30"]

1. e4 c5 2. Nf3 e6 3. c3 d5 4. exd5 Qxd5 5. d4 Nf6 6. Bd3 Nc6 7. O-O Bd7 8. c4 Qh5 {[%emt 0:02:49] Die Stellung ist ausgeglichen.} 9. Be2 cxd4 10. Ng5 Qg6 11. Bd3 Qh5 12. Be2 Qg6 {[%emt 0:00:00] [#] Droht ...e5 und aus.} 13. Bd3 Qh5 14. Be2 Qg6 {[%emt 0:00:04] Ein ziemlich ruhiges Remis.   Gewichteter Fehlerwert: Weiß=0.06 (makellos) /Schwarz=0.02 (makellos) .  OK:         	Weiß=2     	Schwarz=5     Bester:       	Weiß=2     	Schwarz=1} 1/2-1/2

[Event "Velammal AICF Women GM 2024"]
[Site "Chennai"]
[Date "2024.03.23"]
[Round "9.1"]
[White "Maisuradze, Nino"]
[Black "Bommini Mounika Akshaya"]
[Result "1/2-1/2"]
[ECO "D36"]
[WhiteElo "2254"]
[BlackElo "2134"]
[Annotator "TA"]
[PlyCount "45"]
[EventDate "2024.03.18"]
[EventType "tourn"]
[EventCountry "IND"]
[SourceTitle "playchess.com"]
[Source "ChessBase"]
[SourceQuality "1"]
[TimeControl "5400+30"]

1. d4 Nf6 2. c4 e6 3. Nf3 d5 4. Nc3 Nbd7 5. cxd5 exd5 6. Qc2 Be7 7. Bg5 h6 8. Bh4 c6 9. e3 O-O 10. Bd3 Re8 11. O-O Ne4 12. Bxe7 Qxe7 13. Rab1 Ndf6 14. b4 a6 {[%emt 0:01:43] The position is equal.} 15. a4 Bf5 16. Ne5 Nxc3 17. Qxc3 Bxd3 18. Qxd3 Ne4 19. Qc2 Nd6 20. Qc3 Ne4 21. Qc2 Nd6 22. Qc3 Ne4 23. Qc2 {[%emt 0:00:13] Not much happened in this game.   Weighted Error Value: White=0.06 (flawless) /Black=0.05 (flawless) .  OK:         	White=3     	Black=4} 1/2-1/2

[Event "Velammal AICF Women GM 2024"]
[Site "Chennai"]
[Date "2024.03.23"]
[Round "9.3"]
[White "Franco Valencia, Angela"]
[Black "Chitlange Sakshi"]
[Result "1/2-1/2"]
[ECO "C01"]
[WhiteElo "2095"]
[BlackElo "2175"]
[Annotator "RC"]
[PlyCount "94"]
[EventDate "2024.03.18"]
[EventType "tourn"]
[EventCountry "IND"]
[SourceTitle "playchess.com"]
[Source "ChessBase"]
[SourceQuality "1"]
[TimeControl "5400+30"]

1. e4 e6 2. d4 d5 3. exd5 exd5 4. Nf3 Nf6 5. Bd3 Bd6 6. O-O O-O 7. Bg5 Bg4 8. h3 Bh5 9. g4 Bg6 10. Nc3 c6 11. Ne5 Bxd3 12. Qxd3 Be7 13. Rfe1 Nbd7 14. Re2 Nxe5 15. dxe5 Nd7 16. Bxe7 Qxe7 17. Rae1 Nc5 18. Qg3 Rad8 19. Rd1 b5 20. b4 Ne6 21. a3 a5 22. Rb1 axb4 23. axb4 Ra8 24. Kh2 Qg5 25. Ree1 Ra3 26. Re3 d4 27. Ne4 Rxe3 28. fxe3 Qg6 29. Qg2 dxe3 30. Nd6 Nd4 31. Re1 Qxc2 32. Rxe3 Ra8 33. Re4 Ra2 34. Qxc2 Rxc2+ 35. Kg3 Ne6 36. Re3 Ra2 37. Rf3 Ra7 38. Rc3 Ra6 39. Rf3 Nd8 40. Rd3 Ra8 41. Ne4 Kf8 42. Rd7 Ke8 43. Rc7 Ra3+ 44. Kg2 Ra2+ 45. Kg3 Ra3+ 46. Kg2 Ra2+ 47. Kg3 Ra3+ 1/2-1/2